Selects Airborne Battlegroup
Construct Weapon Support Center
Selects Paratrooper Squad Paradrop
Improved M9 Bazooka Rockets
Paratrooper Squad Paradrop
Mechanized Support Center
Selects Smoke Bombing Run
Paratrooper Squad Paradrop
Selects Dual P-47 Rocket Strike
Paratrooper Squad Paradrop
Selects Anti-tank Gun Team Paradrop
M4A1(76) Sherman Medium Tank
M4(105) Sherman Bulldozer
M4A1(76) Sherman Medium Tank
M4A1(76) Sherman Medium Tank
Paratrooper Squad Paradrop
M18 Hellcat Tank Destroyer
Paratrooper Squad Paradrop
M18 Hellcat Tank Destroyer